 Dungeon Crawl Stone Soup version 0.21-a0-110-g8e1637b (webtiles) character file.

93 meatball the Shield-Bearer (level 4, 0/24 HPs)
             Began as a Vine Stalker Fighter on July 9, 2017.
             Slain by Grinder (6 damage)
             ... on level 3 of the Dungeon.
             The game lasted 00:08:49 (2184 turns).

meatball the Shield-Bearer (Vine Stalker Fighter)   Turns: 2184, Time: 00:08:50

Health: 0/24       AC:  8    Str: 23    XL:     4   Next: 62%
Magic:  0/5        EV:  7    Int:  8    God:
Gold:   179        SH: 10    Dex: 15    Spells: 3/3 levels left

rFire    . . .     SeeInvis .   a - +0 rapier
rCold    . . .     Gourm    .   c - +0 shield
rNeg     . . .     Faith    .   b - +0 scale mail
rPois    .         Spirit   +   (no helmet)
rElec    .         Reflect  .   (no cloak)
rCorr    .         Harm     .   (no gloves)
MR       .....                  (no boots)
Stlth    ..........             (no amulet)
HPRegen  0.48/turn              e - +2 ring of protection
MPRegen  0.09/turn              (no ring)

@: mighty
A: fangs 2, regeneration 1, magic shield, antimagic bite, no potion heal 3, rot
immunity
a: no special abilities


You were on level 3 of the Dungeon.
You were not hungry.

You visited 1 branch of the dungeon, and saw 3 of its levels.

You collected 179 gold pieces.

Inventory:

Hand Weapons
 a - a +0 rapier (weapon)
Armour
 b - a +0 scale mail (worn)
 c - a +0 shield (worn)
Jewellery
 e - a +2 ring of protection (left hand)
 k - a cursed ring of loudness {unknown}
 l - an uncursed ring of ice {unknown}
 y - an uncursed amulet of the gourmand {unknown}
 z - a +2 ring of intelligence {unknown}
Scrolls
 g - a scroll of recharging {unknown}
 h - 2 scrolls of amnesia {unknown}
 j - 2 scrolls of teleportation {unknown}
 m - a scroll of magic mapping {unknown}
 o - a scroll of enchant weapon {unknown}
 q - 3 scrolls of remove curse {unknown}
 t - 3 scrolls of blinking {unknown}
Potions
 n - a potion of lignification {unknown}
 r - a potion of mutation {unknown}
 s - a potion of agility {unknown}
 u - a potion of heal wounds {unknown}
 v - a potion of curing {unknown}
 x - a potion of cancellation {unknown}
Comestibles
 f - 2 bread rations
 i - 11 fruits
 p - a royal jelly
 w - 2 chunks of flesh


   Skills:
 + Level 3.1 Fighting
 + Level 2.8 Short Blades
 + Level 3.0 Armour
 + Level 3.2 Shields


You had 3 spell levels left.
You didn't know any spells.

Dungeon Overview and Level Annotations

Branches:
Dungeon (3/15)

Altars:

Annotations:
D:3 Grinder


Innate Abilities, Weirdness & Mutations

You have extremely sharp teeth.
Your natural rate of healing is unusually fast.
When hurt, damage is shared between your health and your magic reserves.
Your bite disrupts and absorbs the magic of your enemies.
Potions cannot restore your health.
You are immune to rotting.


Message History

Grinder rolls her eyes.
You hit Grinder.
Grinder is lightly wounded.
You hear the slow rusting of a distant drain.
Grinder hits you!
You writhe in agony.
* * * LOW HITPOINT WARNING * * *
You hit Grinder. Your bite misses Grinder.
Grinder is moderately wounded.
Grinder blinks!
You block Grinder's attack.
You puncture Grinder! Your bite misses Grinder.
Grinder is moderately wounded.
Grinder closely misses you.
Quiver which item? (- for none, * to show all) (? for menu, Esc to quit)
Quivering
d - a potion of might for throwing.
You feel very mighty all of a sudden. Grinder closely misses you.
You barely miss Grinder. Your bite misses Grinder.
Grinder is moderately wounded.
Grinder hits you.
You die...

##..)..###.........
##รท=.....?>...?.....
###.......###........
....#...%.# #......$
##.##>#######......# .
.##.#.# #.......# ..
)# #..######.......#.#
##%##.#.........#)...#
##.........##.#5@.####
.######.........###
#.....).....).###
###(..#....#.##
###(#.#......#
......##.......
.$.........####
........#### ......###


You could see Grinder.

Vanquished Creatures
  4 adders
  2 worms (D:2)
  3 dart slugs
  A giant cockroach (D:3)
  3 goblins
  5 hobgoblins
  3 jackals (D:2)
  9 kobolds
  A quokka (D:2)
  7 bats
  5 frilled lizards
  8 rats
51 creatures vanquished.

Notes
Turn   | Place    | Note
-------+----------+-------------------------------------------
     0 | D:1      | meatball the Vine Stalker Fighter began the quest for the Orb.
     0 | D:1      | Reached XP level 1. HP: 11/11 MP: 2/2
   213 | D:1      | Reached XP level 2. HP: 16/16 MP: 3/3
   997 | D:2      | Reached XP level 3. HP: 18/20 MP: 4/4
  1640 | D:2      | Gained mutation: Your natural rate of healing is unusually fast. [Vine Stalker growth]
  1640 | D:2      | Reached XP level 4. HP: 23/24 MP: 5/5
  2171 | D:3      | Noticed Grinder
  2184 | D:3      | Slain by Grinder

Vault maps used:
D:1:      minmay_arrival_split_and_join, roderic_chinese_pattern_swastika
D:2:      minmay_door_square, corexii_shack
D:3:      portal_sewer_entry_b, minmay_cut_off, uniq_grinder

Skill      XL: |  1  2  3  4 |
---------------+-------------+-----
Shields        | 3 |  3.2
Fighting       | 3 |  3.1
Short Blades   | 2 |  2.8
Armour         | 3 |  3.0

Action                   |  1- 3 |  4- 6 || total
-------------------------+-------+-------++-------
Melee: Rapier            |   109 |    39 ||   148
       Bite              |    33 |    10 ||    43
  Use: Potion            |       |     1 ||     1
  Eat: Chunk             |     2 |     2 ||     4
Armor: Scale mail        |    38 |    14 ||    52
Dodge: Dodged            |    23 |    11 ||    34
Block: Shield            |    31 |    16 ||    47
